 Dungeon Crawl Stone Soup version 0.30-a0-1074-g5db6f66fbb (webtiles) character file.

Game seed: 15262991367038532020

248 Aneyh the Trooper (level 6, 0/41 HPs)
             Began as a Tengu Fighter on Apr 13, 2023.
             Succumbed to a scorpion's poison
             ... on level 4 of the Dungeon.
             The game lasted 00:05:17 (3493 turns).

Aneyh the Trooper (Tengu Fighter)                   Turns: 3493, Time: 00:05:18

Health: 0/41       AC:  6    Str: 16 (18) XL:     6   Next: 12%
Magic:  7/7        EV: 11    Int:  7 (9)  God:
Gold:   257        SH:  0    Dex: 10 (13) Spells: 5/5 levels left

rFire   . . .      SeeInvis .    a - +1 dagger (speed)
rCold   . . .      Faith    .    (no shield)
rNeg    . . .      Spirit   .    n - +0 scale mail
rPois   +          Reflect  .    (helmet restricted)
rElec   .          Rampage  .    (no cloak)
rCorr   .                        (no gloves)
Will    .....                    (boots unavailable) Stlth
                                 (no amulet)
HPRegen 0.26/turn                k - ring of poison resistance
MPRegen 0.10/turn                (no ring)

@: mighty, lethally poisoned (0 -> -5), flying quickly and evasively, quick
A: beak, talons 3, nimble flight
a: no special abilities


You were on level 4 of the Dungeon.
You visited 2 branches of the dungeon, and saw 7 of its levels.

You collected 257 gold pieces.

Inventory:

Hand Weapons
 a - a +1 dagger of speed (weapon)
 b - a +0 shortbow
 o - a +0 long sword
Armour
 c - a +0 buckler
 n - a +0 scale mail (worn)
Jewellery
 k - a ring of poison resistance (left hand)
 v - a ring of flight
 y - a ring of positive energy
Wands
 u - a wand of polymorph (5)
Scrolls
 e - a scroll of torment {unknown}
 f - 3 scrolls of teleportation {unknown}
 g - a scroll of blinking {unknown}
 l - 2 scrolls of identify {unknown}
 m - a scroll of immolation {unknown}
 q - a scroll of poison {unknown}
 r - a scroll of fog {unknown}
 s - a scroll of brand weapon {unknown}
 x - 2 scrolls of enchant armour {unknown}
Potions
 h - a potion of degeneration
 i - 2 potions of curing {unknown}
 j - a potion of mutation {unknown}
 p - a potion of cancellation {unknown}
 t - 2 potions of flight {unknown}
 w - a potion of resistance {unknown}


   Skills:
 + Level 5.8 Fighting
 - Level 4.0 Long Blades
 - Level 3.2 Armour
 + Level 0.6 Dodging
 - Level 3.0 Shields


You had 5 spell levels left.
You didn't know any spells.
Your spell library was empty.

Dungeon Overview and Level Annotations

Branches:
Dungeon (6/15)             Temple (1/1) D:6

Altars:
Ashenzari
Cheibriados
Fedhas
Gozag
Kikubaaqudgha
Makhleb
Nemelex Xobeh
Okawaru
Qazlal
Trog
Uskayaw
Wu Jian
Yredelemnul
The Shining One

Annotations:
D:2 1 runed translucent door, Crazy Yiuf


Innate Abilities, Weirdness & Mutations

You have a beak for a mouth.
You have claws for feet.
Your magical nature lets you fly swiftly and evasively.


Message History

The adder is almost dead.
The adder closely misses you. The scorpion closely misses you.
You barely miss the adder. Your peck misses the adder.
The adder is almost dead.
The adder bites you but does no damage.
The scorpion stings you but does no damage.
You hit the adder.
You kill the adder!
You hit the dart slug but do no damage. The scorpion barely misses you.
The dart slug barely misses you.
You hit the dart slug. You claw the dart slug.
The dart slug is heavily wounded.
The scorpion stings you.
* * * LOW HITPOINT WARNING * * *
You are lethally poisoned!
The scorpion poisons you!
You completely miss the dart slug.
You peck the dart slug, but do no damage.
The dart slug is heavily wounded.
* * * LOW HITPOINT WARNING * * *
You feel sick. The dart slug bites you.
* * * LOW HITPOINT WARNING * * *
The scorpion stings you but does no damage.
You closely miss the scorpion. You claw the scorpion. You peck the scorpion.
The scorpion is moderately wounded.
* * * LOW HITPOINT WARNING * * *
You feel sick.
You feel very mighty all of a sudden.
* * * LOW HITPOINT WARNING * * *
You feel sick. The scorpion barely misses you. The dart slug bites you.
* * * LOW HITPOINT WARNING * * *
You puncture the scorpion!
The scorpion is severely wounded.
* * * LOW HITPOINT WARNING * * *
You feel sick. The scorpion stings you.
* * * LOW HITPOINT WARNING * * *
It was a potion of degeneration.
There was something very wrong with that liquid.
You feel weakened.
You feel dopey.
You feel clumsy.
You die...

..............
.............
.# ............
... ...........
.... ..........
..... .........
?.....#s.......
.......@w......
#......†.......
.............##
...#.##......#
.. #. ##....##
# # #..## #.#
.#


You could see a scorpion and a dart slug.

Vanquished Creatures
  A bullfrog (D:6)
  A howler monkey (D:2)
  An iguana (D:6)
  4 adders
  A shadow imp (D:6)
  2 worms
  4 dart slugs
  An orc (D:3)
  4 ball pythons
  4 endoplasms
  2 giant cockroaches
  5 goblins
  6 hobgoblins
  2 jackals (D:3)
  2 quokkas (D:2)
  6 bats
  5 frilled lizards
  8 kobolds
  5 rats
64 creatures vanquished.

Notes
Turn   | Place    | Note
-------+----------+-------------------------------------------
     0 | D:1      | Aneyh the Tengu Fighter began the quest for the Orb.
     0 | D:1      | Reached XP level 1. HP: 14/14 MP: 2/2
   186 | D:1      | Reached XP level 2. HP: 19/19 MP: 3/3
   957 | D:2      | Noticed a howler monkey
  1052 | D:2      | Reached XP level 3. HP: 23/24 MP: 4/4
  1338 | D:2      | Reached skill level 4 in Fighting
  1376 | D:2      | Found a runed translucent door.
  1377 | D:2      | Noticed Crazy Yiuf
  1408 | D:2      | Reached XP level 4. HP: 29/29 MP: 5/5
  2388 | D:3      | Gained mutation: Your magical nature lets you fly swiftly
                  | and evasively. [Tengu growth]
  2388 | D:3      | Reached XP level 5. HP: 26/34 MP: 6/6
  2603 | D:3      | Found an ornate altar of the Wu Jian Council.
  2947 | D:3      | You are sucked into a shaft and drop 3 floors!
  2989 | D:6      | Found a staircase to the Ecumenical Temple.
  2998 | Temple   | Entered the Ecumenical Temple
  3302 | D:6      | Reached skill level 5 in Fighting
  3334 | D:6      | Reached XP level 6. HP: 33/41 MP: 7/7
  3443 | D:5      | Entered Level 5 of the Dungeon
  3444 | D:5      | Noticed a black bear
  3453 | D:5      | Identified the +1 robe "Poost" {Contam rF+ Dex+5}
  3492 | D:4      | HP: 2/41 [scorpion (1)]
  3493 | D:4      | Succumbed to a scorpion's poison

Illustrated notes

Levels and vault maps discovered:
D:1:      kilobyte_arrival_exit_the_forest, layout_basic
D:2:      layout_loops_ring, minmay_circled_x, uniq_crazy_yiuf_cottage
D:3:      layout_loops_corners, mainiacjoe_overflow_brackets
D:4:      layout_cave_pools, xom_teletrap_fun, led_sif_book
D:5:      layout_rooms, elyvilon_altar_1, serial_shops, nicolae_shop_stone,
          uniq_edmund
D:6:      layout_cave_pools, nicolae_hepliaklqana_hippocampus,
          minmay_temple_entry_mist, minmay_fractal_squares_5
Temple:   oiseaux_autumnal_temple

Skill      XL: |  1  2  3  4  5 |
---------------+----------------+-----
Long Blades    | 3 4 |  4.0
Fighting       | 4 5 |  5.8
Armour         | |  3.2
Dodging        | |  0.6
Shields        | |  3.0

Action                     |  1- 3 |  4- 6 || total
---------------------------+-------+-------++-------
  Melee: Long sword        |    64 |       ||    64
         Peck              |     6 |    19 ||    25
         Kick              |    14 |    15 ||    29
         Dagger            |     8 |    66 ||    74
   Fire: Shortbow          |    10 |    73 ||    83
    Use: Potion            |       |     2 ||     2
 Armour: Scale mail        |    44 |    31 ||    75
  Dodge: Dodged            |    42 |    45 ||    87
  Block: Buckler           |    14 |       ||    14

Table legend: (Time is in decaauts)
 A = Elapsed time spent in this place.
 B = Non-inter-level travel time spent in this place.
 C = Inter-level travel time spent in this place.
 D = Time resting spent in this place.
 E = Time spent auto-exploring this place.
 F = Levels seen in this place.
 G = Mean time per level.
                   A        B        C        D        E       F      G
               +--------+--------+--------+--------+--------+-----+--------+
         Total |   3460 |   3281 |    179 |    266 |   2402 |   7 |  494.3 |
       Dungeon |   3191 |   3039 |    152 |    266 |   2173 |   6 |  531.8 |
        Temple |    268 |    241 |     27 |      0 |    228 |   1 |  268.0 |
               +--------+--------+--------+--------+--------+-----+--------+

Top non-repeatable levels by time:
     D:1: 1058 daAuts
     D:3: 1045 daAuts
     D:2: 865 daAuts
  Temple: 268 daAuts
     D:6: 184 daAuts
     D:5: 25 daAuts
     D:4: 13 daAuts
